A - U25
MADISON MUSKIES @ DAYTON DRAGONS
08/20/2052
 
TOP OF THE 1ST
South Bend Cubs batting - Pitching for Peoria Chiefs : LHP Kris Fowler
Pitching: LHP Kris Fowler
Batting: RHB Scott Olin 0-0: Called Strike
0-1: Ball
1-1: Foul Ball, location: 2F
1-2: Strikes out looking
Batting: RHB Kamal Cobb 0-0: Called Strike
0-1: Foul Ball, location: 2F
0-2: Strikes out swinging
Batting: RHB Hugo Sánchez 0-0: Foul Ball, location: 2F
0-1: Swinging Strike
0-2: Ball
1-2: Strikes out looking
Top of the 1st over - 0 runs, 0 hits, 0 errors, 0 left on base; South Bend 0 - Peoria 0
BOTTOM OF THE 1ST
Peoria Chiefs batting - Pitching for South Bend Cubs : RHP Lance Busey
Pitching: RHP Lance Busey
Batting: LHB Billy Demers 0-0: Called Strike
0-1: Foul Ball, location: 2F
0-2: Ball
1-2: Foul Ball, location: 2F
1-2: Strikes out swinging
Batting: LHB Kane Lyles 0-0: Ball
1-0: Ball
2-0: Called Strike
2-1: Ground out 5-3 (Groundball, 5, EV 86.2 MPH)
Batting: LHB Curt Daniel 0-0: Swinging Strike
0-1: Called Strike
0-2: Ball
1-2: Strikes out swinging
Bottom of the 1st over - 0 runs, 0 hits, 0 errors, 0 left on base; South Bend 0 - Peoria 0
TOP OF THE 2ND
South Bend Cubs batting - Pitching for Peoria Chiefs : LHP Kris Fowler
Batting: RHB Clint Nolan 0-0: Ball
1-0: Ball
2-0: Called Strike
2-1: Ball
3-1: Foul Ball, location: 2F
3-2: Fly out, F9 (Flyball, 89M, EV 91.9 MPH)
Batting: RHB Camden Richardson 0-0: Swinging Strike
0-1: Swinging Strike
0-2: Strikes out swinging
Batting: RHB Carlos Lara 0-0: Foul Ball, location: 2F
0-1: Ball
1-1: Ground out 6-3 (Groundball, 6, EV 84.4 MPH)
Top of the 2nd over - 0 runs, 0 hits, 0 errors, 0 left on base; South Bend 0 - Peoria 0
BOTTOM OF THE 2ND
Peoria Chiefs batting - Pitching for South Bend Cubs : RHP Lance Busey
Batting: LHB Billy Hines 0-0: Ball
1-0: Ball
2-0: Foul Ball, location: 2F
2-1: Fly out, F4 (Flyball, 34D, EV 86.2 MPH)
Batting: RHB Frank Schaub 0-0: Ball
1-0: Fly out, F9 (Flyball, 89M, EV 85.6 MPH)
Batting: LHB LaRon Smith 0-0: Swinging Strike
0-1: Fly out, F7 (Flyball, 78S, EV 85.0 MPH)
Bottom of the 2nd over - 0 runs, 0 hits, 0 errors, 0 left on base; South Bend 0 - Peoria 0
TOP OF THE 3RD
South Bend Cubs batting - Pitching for Peoria Chiefs : LHP Kris Fowler
Batting: SHB Rafael Baernal 0-0: SINGLE (Line Drive, 9S, EV 108.1 MPH)
Batting: SHB Rusty Capron 0-0: Foul Ball, location: 2F
0-1: Grounds into double play, 3-6-3 (Groundball, 34S, EV 87.5 MPH)
Batting: RHB Simon Paquette 0-0: Called Strike
0-1: Ball
1-1: Foul Ball, location: 2F
1-2: Ground out 6-3 (Groundball, 6, EV 100.0 MPH)
Top of the 3rd over - 0 runs, 1 hit, 0 errors, 0 left on base; South Bend 0 - Peoria 0
BOTTOM OF THE 3RD
Peoria Chiefs batting - Pitching for South Bend Cubs : RHP Lance Busey
Batting: RHB Alonso Smith 0-0: Ball
1-0: Foul Ball, location: 2F
1-1: Foul Ball, location: 2F
1-2: Fly out, F8 (Flyball, 89D, EV 102.5 MPH)
Batting: RHB I.M. Candle 0-0: Ball
1-0: Fly out, F7 (Flyball, 7LM, EV 92.5 MPH)
Batting: RHB Allen Kwolek 0-0: Ball
1-0: Ground out 1-3 (Groundball, 25, EV 70.6 MPH)
Bottom of the 3rd over - 0 runs, 0 hits, 0 errors, 0 left on base; South Bend 0 - Peoria 0
TOP OF THE 4TH
South Bend Cubs batting - Pitching for Peoria Chiefs : LHP Kris Fowler
Batting: RHB Scott Olin 0-0: Ball
1-0: Ball
2-0: Ground out 6-3 (Groundball, 56, EV 93.8 MPH)
Batting: RHB Kamal Cobb 0-0: Called Strike
0-1: Swinging Strike
0-2: Ball
1-2: Ball
2-2: Foul Ball, location: 2F
2-2: SINGLE (Groundball, 56, EV 105.6 MPH)
Batting: RHB Hugo Sánchez 0-0: Ball
1-0: Called Strike
1-1: Ball
2-1: Foul Ball, location: 2F
2-2: Strikes out looking
Batting: RHB Clint Nolan 0-0: Ball
1-0: Ball
2-0: Foul Ball, location: 2F
2-1: SINGLE (Line Drive, 9S, EV 87.5 MPH)
Kamal Cobb to second
Runner from 2nd tries for 3rd, SAFE, no throw by RF
Batting: RHB Camden Richardson 0-0: Ball
1-0: Swinging Strike
1-1: Ball
2-1: Swinging Strike
2-2: Foul Ball, location: 2F
2-2: Strikes out looking
Top of the 4th over - 0 runs, 2 hits, 0 errors, 2 left on base; South Bend 0 - Peoria 0
BOTTOM OF THE 4TH
Peoria Chiefs batting - Pitching for South Bend Cubs : RHP Lance Busey
Batting: LHB Billy Demers 0-0: Swinging Strike
0-1: Ball
1-1: Called Strike
1-2: Foul Ball, location: 2F
1-2: Strikes out swinging
Batting: LHB Kane Lyles 0-0: Called Strike
0-1: Foul Ball, location: 2F
0-2: Strikes out swinging
Batting: LHB Curt Daniel 0-0: Ball
1-0: Foul Ball, location: 2F
1-1: Ball
2-1: Ball
3-1: Ground out 6-3 (Groundball, 6, EV 86.2 MPH)
Bottom of the 4th over - 0 runs, 0 hits, 0 errors, 0 left on base; South Bend 0 - Peoria 0
TOP OF THE 5TH
South Bend Cubs batting - Pitching for Peoria Chiefs : LHP Kris Fowler
Batting: RHB Carlos Lara 0-0: Ground out 6-3 (Groundball, 6, EV 88.8 MPH)
Batting: SHB Rafael Baernal 0-0: Called Strike
0-1: SINGLE (Groundball, 6MD, EV 101.2 MPH)
Batting: SHB Rusty Capron 0-0: Ball
1-0: Fielders Choice at 2nd, 6-4 (Groundball, 56, EV 98.1 MPH)
Batting: RHB Simon Paquette 0-0: Ball
1-0: Ball
2-0: Fly out, F7 (Flyball, 7, EV 93.8 MPH)
Top of the 5th over - 0 runs, 1 hit, 0 errors, 1 left on base; South Bend 0 - Peoria 0
BOTTOM OF THE 5TH
Peoria Chiefs batting - Pitching for South Bend Cubs : RHP Lance Busey
Batting: LHB Billy Hines 0-0: Fly out, F7 (Flyball, 7LD, EV 94.4 MPH)
Batting: RHB Frank Schaub 0-0: Ball
1-0: Ball
2-0: SINGLE (Groundball, 34D, EV 110.6 MPH)
Batting: LHB LaRon Smith 0-0: Ball
1-0: Swinging Strike
1-1: Swinging Strike
1-2: Ball
2-2: Foul Ball, location: 2F
2-2: Ball
3-2: Strikes out swinging
Batting: RHB Alonso Smith 0-0: Called Strike
0-1: Called Strike
0-2: Foul Ball, location: 2F
0-2: Ball
1-2: Ball
2-2: Ball
3-2: Ground out 4-3 (Groundball, 34, EV 85.0 MPH)
Bottom of the 5th over - 0 runs, 1 hit, 0 errors, 1 left on base; South Bend 0 - Peoria 0
TOP OF THE 6TH
South Bend Cubs batting - Pitching for Peoria Chiefs : LHP Kris Fowler
Batting: RHB Scott Olin 0-0: Ball
1-0: Swinging Strike
1-1: Ball
2-1: Foul Ball, location: 2F
2-2: Strikes out looking
Batting: RHB Kamal Cobb 0-0: Ball
1-0: Foul Ball, location: 2F
1-1: Ball
2-1: Ball
3-1: Foul Ball, location: 2F
3-2: SINGLE (Groundball, 56S, EV 75.0 MPH) (infield hit)
Batting: RHB Hugo Sánchez 0-0: Ball
1-0: Ball
2-0: Ball
3-0: Base on Balls
Kamal Cobb to second
Batting: RHB Clint Nolan 0-0: Called Strike
0-1: Hit by Pitch
Kamal Cobb to third
Hugo Sánchez to second
Batting: RHB Camden Richardson 0-0: Ball
1-0: Ball
2-0: Ball
3-0: Called Strike
3-1: Base on Balls
Kamal Cobb scores
Hugo Sánchez to third
Clint Nolan to second
Batting: RHB Carlos Lara 0-0: Foul Ball, location: 2F
0-1: Grounds into fielders choice 5-2 (Groundball, 56, EV 84.4 MPH)
Clint Nolan to third
Camden Richardson to second
Pitching: RHP Aidan Hemanth
Batting: SHB Rafael Baernal 0-0: Called Strike
0-1: Fly out, F9 (Flyball, 9LD, EV 81.9 MPH)
Top of the 6th over - 1 run, 1 hit, 0 errors, 3 left on base; South Bend 1 - Peoria 0
BOTTOM OF THE 6TH
Peoria Chiefs batting - Pitching for South Bend Cubs : RHP Lance Busey
Batting: RHB I.M. Candle 0-0: Called Strike
0-1: Ball
1-1: Foul Ball, location: 2F
1-2: Strikes out swinging
Pitching: LHP Kal Levert
Batting: RHB Allen Kwolek 0-0: Swinging Strike
0-1: Fly out, F8 (Flyball, 8LD, EV 85.6 MPH)
Pinch Hitting: RHB R.J. Thomas 0-0: Foul Ball, location: 3F, Error on foul ball, E3
0-1: Ball
1-1: Foul Ball, location: 2F
1-2: Fly out, F9 (Line Drive, 9D, EV 90.6 MPH)
Bottom of the 6th over - 0 runs, 0 hits, 1 error, 0 left on base; South Bend 1 - Peoria 0
TOP OF THE 7TH
South Bend Cubs batting - Pitching for Peoria Chiefs : RHP Aidan Hemanth
Now in RF: Chris Schmidt
Batting: SHB Rusty Capron 0-0: Ball
1-0: SINGLE (Groundball, 4M, EV 85.0 MPH) (infield hit)
Batting: RHB Simon Paquette 0-0: Ball
1-0: Called Strike
1-1: Ball
2-1: Fly out, F5 (Flyball, 5D, EV 81.2 MPH)
Batting: RHB Scott Olin 0-0: Reached on error, E4 (Groundball, 34, EV 85.0 MPH)
Rusty Capron to second
Batting: RHB Kamal Cobb 0-0: Called Strike
0-1: Ball
1-1: Ground out 5-3 (Groundball, 5L, EV 83.8 MPH)
Rusty Capron to third
Scott Olin to second
Batting: RHB Hugo Sánchez 0-0: Foul Ball, location: 2F
0-1: Ball
1-1: Ball
2-1: Foul Ball, location: 2F
2-2: Ball
3-2: Foul Ball, location: 2F
3-2: Ground out U3 (Groundball, 3S, EV 90.0 MPH)
Top of the 7th over - 0 runs, 1 hit, 1 error, 2 left on base; South Bend 1 - Peoria 0
BOTTOM OF THE 7TH
Peoria Chiefs batting - Pitching for South Bend Cubs : LHP Kal Levert
Now at 3B: Eddie Merwin
Batting: LHB Kane Lyles 0-0: Ground out 4-3 (Groundball, 4, EV 80.6 MPH)
Batting: RHB Yasel Pimentel 0-0: Ball
1-0: Ball
2-0: Ball
3-0: Called Strike
3-1: Base on Balls
Pinch Hitting: RHB Pablo Pecina 0-0: Foul Ball, location: 2F
0-1: Ball
Yasel Pimentel is caught stealing 2nd base 2-4
1-1: Ball
2-1: Foul Ball, location: 2F
2-2: Strikes out swinging
Bottom of the 7th over - 0 runs, 0 hits, 0 errors, 0 left on base; South Bend 1 - Peoria 0
TOP OF THE 8TH
South Bend Cubs batting - Pitching for Peoria Chiefs : RHP Aidan Hemanth
Now in LF: Pablo Pecina
Batting: RHB Clint Nolan 0-0: Called Strike
0-1: Foul Ball, location: 2F
0-2: Fly out, F9 (Flyball, 9LS, EV 90.6 MPH)
Batting: RHB Camden Richardson 0-0: Ball
1-0: Swinging Strike
1-1: Fly out, F8 (Line Drive, 8LD, EV 90.6 MPH)
Batting: RHB Carlos Lara 0-0: Ball
1-0: Ground out 6-3 (Groundball, 56, EV 91.2 MPH)
Top of the 8th over - 0 runs, 0 hits, 0 errors, 0 left on base; South Bend 1 - Peoria 0
BOTTOM OF THE 8TH
Peoria Chiefs batting - Pitching for South Bend Cubs : LHP Kal Levert
Now in LF: Ryan Peltz
Batting: RHB Frank Schaub 0-0: Ball
1-0: SINGLE (Groundball, 6MD, EV 96.9 MPH)
Batting: LHB LaRon Smith 0-0: Sac Bunt to 13 - play at first, batter OUT! 1-4
Frank Schaub to second
Batting: RHB Alonso Smith 0-0: Ball
1-0: Called Strike
1-1: Ball
2-1: Ball
3-1: Foul Ball, location: 2F
3-2: Foul Ball, location: 2F
3-2: Foul Ball, location: 2F
3-2: Foul Ball, location: 2F
3-2: Foul Ball, location: 2F
3-2: SINGLE (Flyball, 8RS, EV 84.4 MPH)
Frank Schaub to third
Batting: RHB I.M. Candle 0-0: Ball
1-0: Ball
2-0: Called Strike
2-1: Swinging Strike
2-2: Strikes out swinging
Batting: RHB Allen Kwolek 0-0: Called Strike
0-1: Ball
1-1: Foul Ball, location: 2F
1-2: Ball
2-2: Strikes out swinging
Bottom of the 8th over - 0 runs, 2 hits, 0 errors, 2 left on base; South Bend 1 - Peoria 0
TOP OF THE 9TH
South Bend Cubs batting - Pitching for Peoria Chiefs : RHP Aidan Hemanth
Batting: SHB Rafael Baernal 0-0: Called Strike
0-1: Foul Ball, location: 2F
0-2: Strikes out swinging
Batting: SHB Rusty Capron 0-0: Called Strike
0-1: Ball
1-1: Fly out, F5 (Flyball, 56D, EV 95.0 MPH)
Pinch Hitting: LHB Elijah Raimey 0-0: Ball
1-0: Called Strike
1-1: Ball
2-1: Called Strike
2-2: Strikes out swinging
Top of the 9th over - 0 runs, 0 hits, 0 errors, 0 left on base; South Bend 1 - Peoria 0
BOTTOM OF THE 9TH
Peoria Chiefs batting - Pitching for South Bend Cubs : LHP Kal Levert
Now at C: Jack Campanelli
Batting: SHB Chris Schmidt 0-0: Called Strike
0-1: Foul Ball, location: 2F
0-2: Fly out, F9 (Flyball, 9D, EV 93.8 MPH)
Pinch Hitting: RHB Victor Botello 0-0: Foul Ball, location: 2F
0-1: Called Strike
0-2: Ball
1-2: Ground out 6-3 (Groundball, 6, EV 103.8 MPH)
Pitching: RHP Felipe Diaz
Batting: RHB Yasel Pimentel 0-0: Foul Ball, location: 2F
0-1: Swinging Strike
0-2: Ball
1-2: Ground out 6-3 (Groundball, 56, EV 80.0 MPH)
Bottom of the 9th over - 0 runs, 0 hits, 0 errors, 0 left on base; South Bend 1 - Peoria 0
Saturday, May 4th , 2024 - OOTP Baseball 24.11 Build 85